 Dungeon Crawl Stone Soup version 0.29.1-1-gd02db6906a (webtiles) character file.

Game seed: 16300896030160886280

275705 experimilk the Gelid (level 19, -9/141 (151) HPs)
             Began as a Purple Draconian Conjurer on Sept 18, 2022.
             Was the Champion of Vehumet.
             Mangled by a +2 vorpal war axe (10 damage)
             ... animated by Zenata
             ... on level 2 of the Vaults on Sept 20, 2022.
             The game lasted 04:01:02 (57321 turns).

experimilk the Gelid (Purple Draconian Conjurer)   Turns: 57321, Time: 04:01:03

HP:   -9/141 (151)  AC: 19    Str:  9    XL:     19   Next: 56%
MP:   37/47         EV: 18    Int: 35    God:    Vehumet [******]
Gold: 1593          SH:  0    Dex: 16    Spells: 7/48 levels left

rFire   + . .      SeeInvis .   b - staff of cold
rCold   + + .      Faith    .   K - orb {*channel}
rNeg    . . .      Spirit   .   (body armour unavailable)
rPois   +          Reflect  .   y - +2 hat {Will+}
rElec   .          Harm     .   Y - +2 cloak {rCorr}
rCorr   +          Rampage  .   X - +2 pair of gloves
Will    ++++.                   T - +0 pair of boots "Xopatru" {rF+}
Stlth   ++........              S - amulet of magic regeneration
HPRegen 0.33/turn               u - ring of Omoufoo {rC+ MP+9 Int+3 Dex+6 Stlth-}
MPRegen 0.70/turn               P - ring of the Ageless Princes {Drain rPois Will+ Int+5 Stlth+}

@: about to teleport, drained
A: breathe power, AC +10, unfitting armour, cold-blooded
}: 2/15 runes: serpentine, barnacled
a: Breathe Dispelling Energy, Renounce Religion


You were on level 2 of the Vaults.
You worshipped Vehumet.
Vehumet was exalted by your worship.
You visited 6 branches of the dungeon, and saw 32 of its levels.
You visited 1 bazaar.
You also visited: Ossuary, Gauntlet, Ice Cave and Volcano.

You collected 4521 gold pieces.
You spent 2928 gold pieces at shops.

Inventory:

Hand Weapons
 a - the +7 captain's cutlass {speed, disarm}
   (You found it in a Gauntlet)

   Attacks with this weapon are significantly faster.
   It may disarm weapon-wielding foes when striking them, dealing extra damage
   in the process.
 f - a +4 rapier of chaos
Missiles
 g - 3 throwing nets
Armour
 r - a +2 kite shield
 y - a +2 hat of willpower (worn)
 K - an orb of energy (worn)
 T - the +0 pair of boots "Xopatru" (worn) {rF+}
   (You acquired it on level 2 of the Orcish Mines)

   rF:        It protects you from fire.
 U - the +4 tower shield of Vehumet's Vengeance {rC+ Int+4}
   (You bought it in a shop in a bazaar)

   Int:       It affects your intelligence (+4).
   rC:        It protects you from cold.
 X - a +2 pair of gloves (worn)
 Y - a +2 cloak of preservation (worn)
Magical Staves
 b - a staff of cold (weapon)
Jewellery
 d - an amulet of regeneration
 s - the ring "Sougi" {Fly Will+ rCorr MP+9}
   (You acquired it on level 3 of the Shoals)

   [ring of magical power]

   MP:        It affects your magic capacity (+9).
   Fly:       It grants you flight.
   rCorr:     It protects you from acid and corrosion.
   Will:      It increases your willpower.
 u - the ring of Omoufoo (left hand) {rC+ MP+9 Int+3 Dex+6 Stlth-}
   (You acquired it on level 5 of the Lair of Beasts)

   [ring of magical power]

   Int:       It affects your intelligence (+3).
   Dex:       It affects your dexterity (+6).
   rC:        It protects you from cold.
   MP:        It affects your magic capacity (+9).
   Stlth:     It makes you less stealthy.
 x - a +6 ring of intelligence
 H - a ring of poison resistance
 M - a ring of ice
 P - the ring of the Ageless Princes (right hand) {Drain rPois Will+ Int+5 Stlth+}
   (You found it on level 5 of the Lair of Beasts)

   [ring of willpower]

   Int:       It affects your intelligence (+5).
   rPois:     It protects you from poison.
   Drain:     It drains your maximum health when unequipped.
   Will:      It increases your willpower.
   Stlth:     It makes you more stealthy.
 S - an amulet of magic regeneration (around neck)
 Z - a ring of resist corrosion
Wands
 l - a wand of digging (15)
 q - a wand of charming (47)
 z - a wand of acid (17)
 B - a wand of polymorph (14)
 E - a wand of flame (22)
 L - a wand of mindburst (9)
 V - a wand of iceblast (14)
Scrolls
 e - 2 scrolls of silence
 i - 4 scrolls of fear
 j - 6 scrolls of vulnerability
 n - 5 scrolls of poison
 t - 2 scrolls of summoning
 w - 5 scrolls of immolation
 D - 4 scrolls of teleportation
 F - 2 scrolls of torment
 O - 4 scrolls of butterflies
 Q - 11 scrolls of amnesia
Potions
 c - 6 potions of flight
 h - 3 potions of haste
 k - 9 potions of curing
 m - 6 potions of brilliance
 o - a potion of heal wounds
 p - 2 potions of resistance
 v - 2 potions of invisibility
 G - a potion of cancellation
 J - 3 potions of ambrosia
 N - 3 potions of might
 R - 3 potions of berserk rage
Miscellaneous
 A - a tin of tremorstones (2/2)
 C - a phial of floods
 I - a lightning rod (4/4)
 W - a condenser vane


   Skills:
 - Level 9.2 Fighting
 - Level 7.0 Short Blades
 - Level 3.6 Staves
 + Level 11.2 Dodging
 - Level 1.8 Stealth
 + Level 6.1 Shields
 - Level 15.0 Spellcasting
 - Level 18.0 Conjurations
 - Level 9.0 Necromancy
 * Level 20.3 Ice Magic


You had 7 spell levels left.
You knew the following spells:

 Your Spells              Type           Power      Damage    Failure   Level
b - Magic Dart            Conj           100%       1d8       0%          1
c - Iskenderun's Mystic   Conj/Tloc      73%        2d15      1%          4
d - Ozocubu's Refrigerat  Ice            65%        4d21      1%          7
f - Simulacrum            Ice/Necr       57%        N/A       1%          6
g - Polar Vortex          Ice            65%        N/A       10%         9
s - Metabolic Englaciati  Hex/Ice        49%        N/A       1%          5
v - Orb of Destruction    Conj           50%        9d13      1%          7
z - Searing Ray           Conj           100%       2d8       0%          2

Your spell library contained the following spells:

 Spells                   Type           Power      Damage    Failure   Level
 Chain Lightning          Conj/Air       36%        3d48      100%        9
 Fire Storm               Conj/Fire      36%        8d9       100%        9
 Shatter                  Erth           13%        3d13*     100%        9
 Ozocubu's Armour         Ice            100%       N/A       0%          3
 Apportation              Tloc           52%        N/A       1%          1
 Beastly Appendage        Tmut           52%        N/A       1%          1
 Ensorcelled Hibernation  Hex/Ice        100%       N/A       1%          2
 Dazzling Flash           Conj/Hex       100%       N/A       1%          3
 Fulminant Prism          Conj/Hex       36%        3d18      1%          4
 Summon Ice Beast         Ice/Summ       98%        N/A       1%          4
 Agony                    Necr           73%        N/A       1%          5
 Freezing Cloud           Conj/Ice/Air   54%        6-21      1%          5
 Iron Shot                Conj/Erth      36%        9d7       1%          6
 Wereblood                Tmut           26%        N/A       2%          2
 Gell's Gravitas          Tloc           26%        N/A       4%          3
 Lesser Beckoning         Tloc           26%        N/A       4%          3
 Spider Form              Tmut/Pois      26%        N/A       4%          3
 Summon Guardian Golem    Hex/Summ       26%        N/A       4%          3
 Teleport Other           Tloc           26%        N/A       4%          3
 Tukima's Dance           Hex            26%        N/A       4%          3
 Spellforged Servitor     Conj/Summ      36%        N/A       9%          7
 Yara's Violent Unravell  Hex/Tmut       13%        3d7       11%         5
 Cause Fear               Hex            13%        N/A       14%         4
 Passage of Golubria      Tloc           26%        N/A       14%         4
 Alistair's Intoxication  Tmut/Pois      17%        N/A       38%         5
 Blade Hands              Tmut           13%        N/A       38%         5
 Silence                  Hex/Air        13%        N/A       38%         5
 Dragon Form              Tmut           13%        N/A       100%        7
 Disjunction              Tloc           13%        N/A       100%        8
 Dragon's Call            Summ           13%        N/A       100%        9
 Animate Armour           Summ/Erth      Unusable   N/A       N/A         4

Dungeon Overview and Level Annotations

Branches:
Dungeon (15/15)            Temple (0/1) D:7            Lair (5/5) D:8
 Shoals (4/4) Lair:2        Snake (4/4) Lair:3        Slime (0/5) Lair:4
    Orc (2/2) D:9             Elf (0/3) Orc:2        Vaults (2/5) D:14
 Depths (0/4) D:15        Ossuary (visited)           IceCv (visited)
Volcano (visited)         Gauntlet (visited)
  Crypt: Vaults:2-3

Altars:
Ashenzari
Cheibriados
Elyvilon
Fedhas
Hepliaklqana
Kikubaaqudgha
Nemelex Xobeh
Okawaru
Qazlal
Ru
Sif Muna
Uskayaw
Vehumet
Wu Jian
Xom
Zin
The Shining One

Shops:
D:1 ([   D:3 (   D:5 (   D:6 :   D:8 ?   Orc:1 (   Orc:2 ??(:   Snake:1 [
Vaults:1 !

Annotations:
D:5 1 runed translucent door, Crazy Yiuf
D:6 exclusion: statue
D:14 2 transporters, 1 runed translucent door, Cofimnas's ghost, journeyman FoFi
Shoals:4 Ilsuiw
Snake:2 3 runed translucent doors, Dittersdorf's ghost, adept MiBe; Romunoh's ghost, adept SpBr
Snake:4 3 runed translucent doors, TuffENuff's ghost, adept FoFi
Vaults:2 Zenata


Innate Abilities, Weirdness & Mutations

You can breathe bolts of dispelling energy.
Your rich purple scales are hard. (AC +10)
You cannot fit into any form of body armour.
You are cold-blooded and may be slowed by cold attacks.


Message History

As you read the scroll of fear, it crumbles to dust.
You assume a fearsome visage.
The entropy weaver looks frightened!
The ironbound frostheart looks frightened!
The vault sentinel looks frightened!
Zenata easily resists.
The +0 trident of protection is unaffected.
The +1 dire flail of draining is unaffected.
The +2 vorpal war axe is unaffected.
The +0 trident of protection hits you but does no damage.
The +1 dire flail of draining completely misses you.
The +2 vorpal war axe misses you.
The +0 trident of protection hits you but does no damage.
The +1 dire flail of draining hits you but does no damage.
You feel drained.
The ironbound frostheart prays for help.
An entropy weaver comes into view.
The +2 vorpal war axe hits you.
* * * LOW HITPOINT WARNING * * *
The +1 dire flail of draining hits you!
* * * LOW HITPOINT WARNING * * *
You feel drained.
The +0 trident of protection barely misses you.
As you read the scroll of teleportation, it crumbles to dust.
You feel strangely unstable.
The +0 trident of protection hits you but does no damage.
The +1 dire flail of draining hits you.
* * * LOW HITPOINT WARNING * * *
You feel drained.
The +2 vorpal war axe hits you but does no damage.
Zenata casts a spell at you.
A blast of power from the earth and the adjacent constructs strikes you!
* * * LOW HITPOINT WARNING * * *
An orc warlord comes into view. It is wielding a +0 long sword.
The +1 dire flail of draining hits you!
* * * LOW HITPOINT WARNING * * *
You feel drained.
* * * LOW HITPOINT WARNING * * *
The +0 trident of protection misses you.
The +2 vorpal war axe hits you!
You die...

,,,**,,,*,,,+,,,*,,,+,,,+,,,,,,,,
,,,**,,,**,,*,,#.#,,*,,**,*,,,,,*
,,,**,,,***,*,*...*,*,***,**,,,**
*****,,,**,***,...,***,**,,**,**,
*,,,**,,*###B###*,,**,,,***,,
*,,,**,,,#..p.o#,,,**,,,,*,,,
*,,,**,,,,#.>.#,,,,**,,,***,,
*,,,*******#.#*******,,**,**,
*,,,**######@#######*,**,,,**
*,,,,,#....((#......+,*,,,,,*
*,,,,,#...(..#......#,,,,,,,,
*****,,,,,#......#......######+##
,,,,,,,,,,#....a.#......+........
,,,,,,,,,,#......#......#........
,,,,,,.,,,#....^.#......#...<....
*****,....###'####......'........
,,,,*,...........Z......#........


You could see Zenata, an orc warlord, an entropy weaver, a vault sentinel
(fleeing, simulacrum) and 3 dancing weapons.

Vanquished Creatures
  Nikola (Vaults:2)
  Asterion (Snake:4)
  A sphinx (Vaults:2)
  A kraken (Shoals:3)
  Gastronok (Lair:3)
  3 nagarajas
  3 ironbound preservers (Vaults:1)
  2 very ugly things (IceCv)
  A stone giant (Shoals:4)
  2 ironbound thunderhulks
  An entropy weaver (Vaults:2)
  3 merfolk javelineers
  A merfolk impaler (Shoals:4)
  Snorg (Orc:1)
  Fannar (Lair:3)
  8 hydras
  Erolcha (D:11)
  6 boulder beetles
  2 salamander tyrants (Snake:4)
  A caustic shrike simulacrum (IceCv)
  6 ironbound frosthearts
  7 centaur warriors
  A satyr (Shoals:4)
  3 two-headed ogres
  8 naga warriors
  5 anacondas
  An ogre mage (Orc:2)
  An alligator (shapeshifter) (Gauntlet)
  An alligator snapping turtle (Shoals:3)
  4 merfolk aquamancers
  2 death yaks (Lair:5)
  4 tengu warriors
  7 naga sharpshooters
  An orc high priest (Orc:1)
  4 shock serpents
  A sun demon (Volcano)
  A salamander mystic (Snake:4)
  A skeletal warrior (D:15)
  3 sea snakes
  2 deep trolls (Vaults:1)
  4 ironbound convokers
  2 orange crystal statues (IceCv)
  A phantasmal warrior (D:15)
  A wizard (Vaults:1)
  4 naga ritualists
  A glowing orange brain (Vaults:1)
  3 lindwurms
  A spriggan simulacrum (Snake:1)
  A harpy (Shoals:3)
  4 salamanders
  2 orc knights (Orc:2)
  2 deep elf pyromancers
  A necromancer (D:15)
  10 mana vipers
  5 ugly things
  A wolf spider (Lair:5)
  2 fire giant zombies (D:15)
  7 fauns
  14 slime creatures
  8 orc sorcerers
  6 cyclopes
  6 manticores
  2 guardian serpents
  24 black mambas
  Maurice (D:11)
  9 elephants
  The ghost of CertainDeath the Chopper, a novice MiMo (D:5)
  7 naga magi
  5 merfolk sirens
  2 water nymphs (Shoals:4)
  3 vault sentinels (Vaults:1)
  2 molten gargoyles (Volcano)
  2 gargoyles
  6 cane toads
  2 unseen horrors
  A minotaur zombie (Gauntlet)
  2 tengu conjurers
  A yaktaur (D:15)
  3 freezing wraiths (IceCv)
  6 komodo dragons
  5 anaconda simulacra (IceCv)
  5 kobold demonologists
  A guardian mummy (D:15)
  2 red devils (Volcano)
  2 golden dragon simulacra (IceCv)
  5 polar bears (Lair:5)
  7 trolls
  A hornet (D:9)
  9 merfolk
  A wind drake (Shoals:3)
  Grinder (D:5)
  2 raiju (Lair:5)
  3 snapping turtles (Shoals:4)
  16 blink frogs
  9 dream sheep
  A jumping spider (Vaults:2)
  34 yaks
  2 shadows
  2 dire elephant simulacra
  2 water elementals
  4 wyverns
  2 basilisks (Lair:4)
  2 fire bats (Volcano)
  Grum (D:11)
  2 minotaur simulacra (Snake:1)
  Eustachio (D:4)
  6 vampire mosquitoes
  A redback (Vaults:2)
  2 steam dragons
  2 harpy simulacra
  6 wargs
  33 nagas
  An acid dragon (D:10)
  16 hell hounds
  16 water moccasins
  2 hydra simulacra (IceCv)
  9 black bears (Lair:5)
  2 ice beasts
  2 sky beasts (D:7)
  An alligator simulacrum (IceCv)
  10 orc warriors
  45 wolves
  2 ettin simulacra (IceCv)
  A floating eye zombie (D:15)
  5 centaurs
  7 ogres
  A boggart (Vaults:1)
  A phantom (D:4)
  6 kobold brigands
  6 bullfrogs
  A deep troll simulacrum (Snake:1)
  A necrophage (D:7)
  3 gnoll sergeants
  5 scorpions
  14 wights
  19 killer bees
  3 electric eels (Lair:3)
  3 howler monkeys
  3 lindwurm simulacra
  7 lava snakes (Volcano)
  12 orc priests
  6 hounds
  A gnoll bouda (D:5)
  Ijyb (D:5)
  4 iguanas
  34 orc wizards
  5 hell rats (Lair:3)
  8 mummies (Ossuary)
  35 gnolls
  7 adders
  A white imp (D:5)
  4 ufetubi
  4 worms
  4 dart slugs
  69 orcs
  5 ball pythons
  2 endoplasms
  5 giant cockroaches
  18 goblins
  15 hobgoblins
  7 jackals
  29 kobolds
  2 quokkas
  4 bats
  2 frilled lizards
  2 hobgoblin zombies (Ossuary)
  6 kobold zombies (Ossuary)
  6 rats
  A bush (D:12)
  A fire vortex (D:15)
  A tentacle (Shoals:3)
  A withered plant (D:15)
935 creatures vanquished.

Vanquished Creatures (collateral kills)
  Frances (Shoals:2)
  3 nagarajas
  An orc warlord (Orc:2)
  A quicksilver ooze (Gauntlet)
  An ironbound preserver (Vaults:1)
  2 stone giants
  A minotaur (Gauntlet)
  A bunyip (shapeshifter) (Vaults:1)
  9 merfolk impalers
  6 merfolk javelineers (Shoals:4)
  3 boulder beetles
  2 yaktaur captains (Vaults:1)
  2 great orbs of eyes
  A hydra (D:14)
  2 ironbound frosthearts (Vaults:1)
  3 centaur warriors
  2 merfolk avatars
  A salamander tyrant (Snake:4)
  2 ogre magi (Orc:2)
  6 naga warriors
  2 anacondas
  4 merfolk aquamancers
  3 alligator snapping turtles (Shoals:4)
  3 satyrs
  A tengu warrior (D:15)
  2 shock serpents
  8 naga sharpshooters
  9 sea snakes
  3 salamander mystics (Snake:4)
  3 naga ritualists
  9 harpies
  An ironbound convoker (Vaults:1)
  A wizard (Vaults:1)
  8 deep trolls (Vaults:1)
  A swamp dragon (shapeshifter) (Gauntlet)
  An orc knight (D:15)
  5 ugly things
  An orc sorcerer (Orc:2)
  7 salamanders
  13 fauns
  7 manticores
  3 cyclopes
  A mana viper (Snake:2)
  A frost giant skeleton (D:15)
  4 merfolk sirens
  A vault sentinel (Vaults:1)
  A water nymph (Shoals:4)
  8 naga magi
  11 black mambas
  3 rime drakes (Shoals:1)
  A freezing wraith (D:15)
  20 merfolk
  A tengu conjurer (D:14)
  7 wind drakes
  A troll (D:14)
  4 polar bears (Lair:5)
  3 slime creatures (Vaults:1)
  A dream sheep (shapeshifter) (Gauntlet)
  3 snapping turtles
  2 dream sheep (Shoals:4)
  5 water elementals
  2 steam dragons (Shoals:1)
  14 nagas
  A warg (Orc:2)
  2 black bears (Lair:5)
  3 orc warriors (Orc:2)
  A wolf (D:11)
  3 ogres (Orc:2)
  A centaur (Shoals:4)
  A deep troll simulacrum (Snake:1)
  An orc priest (Orc:2)
  A gnoll bouda (D:9)
  6 orc wizards (Orc:2)
  10 orcs (Orc:2)
  A tentacle (Shoals:3)
270 creatures vanquished.

Vanquished Creatures (others)
  A gnoll (D:5)
  2 orcs (D:4)
  A butterfly (D:12)
  64 fungi
  129 plants
  8 tentacles (Shoals:3)
  18 withered plants
223 creatures vanquished.

Grand Total: 1428 creatures vanquished

Notes
Turn   | Place    | Note
-------+----------+-------------------------------------------
     0 | D:1      | experimilk the Draconian Conjurer began the quest for the
                  | Orb.
     0 | D:1      | Reached XP level 1. HP: 14/14 MP: 3/3
    23 | D:1      | Found Decuamoemn's Antique Weapon Shoppe.
   317 | D:1      | Reached XP level 2. HP: 20/20 MP: 1/5
   371 | D:1      | Learned a level 2 spell: Searing Ray
   841 | D:1      | Found Buiny's Armour Shoppe.
  1190 | D:2      | Reached XP level 3. HP: 25/26 MP: 1/6
  1242 | D:2      | Learned a level 3 spell: Dazzling Flash
  1367 | D:2      | Reached skill level 5 in Conjurations
  1997 | D:3      | Reached XP level 4. HP: 33/33 MP: 1/7
  2220 | D:3      | Found Urehuf's Weapon Emporium.
  2295 | D:3      | Found a faded altar of an unknown god.
  2439 | D:3      | Found a blossoming altar of Fedhas.
  3114 | D:4      | Noticed an ice beast
  3114 | D:4      | Noticed a scorpion
  3172 | D:4      | Found a sand-covered staircase.
  3178 | Ossuary  | Entered an ossuary
  3188 | Ossuary  | Reached XP level 5. HP: 38/38 MP: 3/9
  3863 | Ossuary  | Reached skill level 1 in Short Blades
  4218 | D:4      | Reached XP level 6. HP: 45/45 MP: 0/10
  4337 | D:4      | Learned a level 4 spell: Iskenderun's Mystic Blast
  4864 | D:4      | Noticed Eustachio
  5258 | D:4      | Your scales start taking on a rich purple colour.
  5258 | D:4      | Reached XP level 7. HP: 26/50 MP: 2/13
  5671 | D:4      | Killed Eustachio
  6477 | D:5      | Entered Level 5 of the Dungeon
  6698 | D:5      | Reached XP level 8. HP: 57/57 MP: 5/14
  6776 | D:5      | Reached skill level 5 in Short Blades
  7419 | D:5      | Identified the +1 ring mail of Generosity {Drain rF++
                  | Int+6}
  7439 | D:5      | Noticed Ijyb
  7563 | D:6      | Found Misat's Book Shoppe.
  8033 | D:6      | Found a radiant altar of Vehumet.
  8040 | D:6      | Became a worshipper of Vehumet
  8429 | D:6      | Reached skill level 1 in Fighting
  9193 | D:5      | Killed Ijyb
  9478 | D:5      | Found a transporter.
  9478 | D:5      | Noticed CertainDeath's ghost (novice MiMo)
  9647 | D:5      | Noticed Grinder
  9659 | D:5      | Killed Grinder
  9660 | D:5      | Reached XP level 9. HP: 58/67 MP: 2/15
 10057 | D:5      | Found a runed translucent door.
 10058 | D:5      | Noticed Crazy Yiuf
 10233 | D:5      | Found a transporter.
 10437 | D:5      | Found Xeptun's Weapon Emporium.
 11235 | D:7      | Reached * piety under Vehumet
 11235 | D:7      | Offered knowledge of Freeze by Vehumet.
 11269 | D:6      | Bought Ozocubu's Autobiography for 336 gold pieces
 11275 | D:6      | Learned a level 5 spell: Metabolic Englaciation
 11391 | D:7      | Reached skill level 1 in Ice Magic
 11542 | D:7      | Found a shimmering blue altar of Sif Muna.
 11644 | D:7      | Reached skill level 2 in Ice Magic
 11729 | D:7      | Found a staircase to the Ecumenical Temple.
 11780 | D:7      | Reached skill level 10 in Conjurations
 11830 | D:7      | Reached skill level 5 in Spellcasting
 11905 | D:7      | Learned a level 3 spell: Ozocubu's Armour
 12227 | D:7      | Reached ** piety under Vehumet
 12227 | D:7      | Offered knowledge of Foxfire by Vehumet.
 12236 | D:7      | Reached skill level 3 in Ice Magic
 13358 | D:7      | Reached skill level 4 in Ice Magic
 13600 | D:8      | Found a glowing golden altar of the Shining One.
 13653 | D:8      | Offered knowledge of Poisonous Vapours by Vehumet.
 13832 | D:8      | Reached XP level 10. HP: 77/77 MP: 5/18
 14023 | D:8      | Reached *** piety under Vehumet
 14269 | D:8      | Found Zeralel's Magic Scroll Boutique.
 14277 | D:8      | Bought a scroll of poison for 56 gold pieces
 14277 | D:8      | Bought a scroll of identify for 28 gold pieces
 14277 | D:8      | Bought a scroll of identify for 28 gold pieces
 14277 | D:8      | Bought a scroll of identify for 28 gold pieces
 14277 | D:8      | Bought a scroll of teleportation for 42 gold pieces
 14277 | D:8      | Bought a scroll of enchant armour for 105 gold pieces
 14277 | D:8      | Bought a scroll of teleportation for 42 gold pieces
 14283 | D:8      | Found a staircase to the Lair.
 14337 | D:8      | Reached skill level 5 in Ice Magic
 14502 | D:8      | Offered knowledge of Conjure Flame by Vehumet.
 14602 | D:8      | Found a white marble altar of Elyvilon.
 14609 | D:8      | Found a glowing silver altar of Zin.
 14615 | D:8      | Found an ornate altar of the Wu Jian Council.
 14622 | D:8      | Found a snail-covered altar of Cheibriados.
 14628 | D:8      | Found a broken altar of Ashenzari.
 14636 | D:8      | Found a stormy altar of Qazlal.
 14723 | D:8      | Found a sacrificial altar of Ru.
 15769 | D:9      | Reached skill level 6 in Ice Magic
 17358 | D:9      | Reached **** piety under Vehumet
 17359 | D:9      | Reached skill level 7 in Ice Magic
 17679 | D:9      | Found a staircase to the Orcish Mines.
 17825 | D:10     | Entered Level 10 of the Dungeon
 17833 | D:10     | Noticed a two-headed ogre
 18103 | Lair:1   | Entered Level 1 of the Lair of Beasts
 18112 | Lair:1   | Noticed a four-headed hydra
 18112 | Lair:1   | Noticed a cane toad
 18137 | Lair:1   | Killed a four-headed hydra
 18143 | D:8      | Killed a cane toad
 18144 | D:8      | Reached XP level 11. HP: 46/82 MP: 1/21
 18502 | Lair:1   | Offered knowledge of Stone Arrow by Vehumet.
 18504 | Lair:1   | Reached skill level 8 in Ice Magic
 19209 | Lair:1   | Reached skill level 9 in Ice Magic
 20628 | Lair:1   | Identified the +0 leather armour of the Depths {Int+6}
 21319 | Lair:2   | Found an iron altar of Okawaru.
 21386 | Lair:2   | Found a staircase to the Shoals.
 21406 | Lair:2   | Reached skill level 10 in Ice Magic
 21419 | Lair:2   | Learned a level 7 spell: Orb of Destruction
 22305 | Lair:2   | Noticed an eight-headed hydra
 22320 | Lair:2   | Killed an eight-headed hydra
 22321 | Lair:2   | Reached skill level 5 in Fighting
 22821 | Lair:2   | Reached XP level 12. HP: 94/94 MP: 16/24
 23207 | Lair:3   | Reached ***** piety under Vehumet
 23332 | Lair:3   | Found a dark tunnel.
 23357 | Volcano  | Entered a volcano
 23361 | Volcano  | Offered knowledge of Iron Shot by Vehumet.
 24075 | Volcano  | Found a burning altar of Makhleb.
 24084 | Volcano  | Reached skill level 11 in Ice Magic
 24653 | Lair:3   | Noticed Gastronok
 24679 | Lair:3   | Killed Gastronok
 24832 | Lair:3   | Learned a level 7 spell: Ozocubu's Refrigeration
 24889 | Lair:3   | Noticed a seven-headed hydra
 24900 | Lair:3   | Killed a seven-headed hydra
 25493 | Lair:3   | Found a staircase to the Snake Pit.
 25617 | Lair:3   | Identified a scroll of acquirement
 25683 | Lair:3   | Found a glowing golden altar of the Shining One.
 25686 | Lair:3   | Noticed Fannar
 25696 | Lair:3   | Killed Fannar
 25697 | Lair:3   | Reached skill level 12 in Ice Magic
 26247 | Lair:4   | Found a staircase to the Slime Pits.
 27253 | Lair:4   | Reached XP level 13. HP: 100/100 MP: 19/26
 27312 | Lair:4   | Reached skill level 10 in Spellcasting
 28098 | Lair:5   | Entered Level 5 of the Lair of Beasts
 28211 | Lair:5   | Acquired the ring of Omoufoo {rC+ MP+9 Int+3 Dex+6 Stlth-}
 28364 | Lair:5   | Reached skill level 15 in Conjurations
 28431 | Lair:5   | Identified the ring of the Ageless Princes {Drain rPois
                  | Will+ Int+5 Stlth+}
 29106 | Lair:5   | Learned a level 6 spell: Simulacrum
 29512 | Lair:5   | Reached skill level 1 in Necromancy
 29644 | Lair:5   | Reached skill level 1 in Staves
 30546 | Lair:5   | Identified the +3 leather armour "Oveuso" {Int+7}
 30897 | Orc:1    | Entered Level 1 of the Orcish Mines
 31594 | Orc:1    | Found Beapp's Weapon Shoppe.
 31603 | Orc:1    | Offered knowledge of Hailstorm by Vehumet.
 32070 | Orc:2    | Entered Level 2 of the Orcish Mines
 32146 | Orc:1    | Noticed Snorg
 32150 | Orc:1    | Killed Snorg
 32151 | Orc:1    | Reached XP level 14. HP: 108/108 MP: 23/30
 32673 | Orc:2    | Found Eghahuem's Antique Weapon Emporium.
 33184 | Orc:2    | Found a staircase to the Elven Halls.
 33184 | Orc:2    | Noticed an orc warlord
 33190 | Orc:2    | Killed an orc warlord
 33685 | Orc:2    | Reached skill level 13 in Ice Magic
 33803 | Orc:2    | Found an ancient bone altar of Kikubaaqudgha.
 33807 | Orc:2    | Reached skill level 5 in Necromancy
 33813 | Orc:2    | Found Sicsa's Magic Scroll Shoppe.
 33833 | Orc:2    | Bought a scroll of teleportation for 51 gold pieces
 33833 | Orc:2    | Bought a scroll of teleportation for 51 gold pieces
 33833 | Orc:2    | Bought a scroll of brand weapon for 161 gold pieces
 33833 | Orc:2    | Bought a scroll of teleportation for 51 gold pieces
 33835 | Orc:2    | Found a radiant altar of Vehumet.
 33877 | Orc:2    | Found Ixtuk's Book Emporium.
 33931 | Orc:2    | Found Omeso's Magic Scroll Shoppe.
 33938 | Orc:2    | Bought a scroll of acquirement for 676 gold pieces
 33938 | Orc:2    | Acquired the +0 pair of boots "Xopatru" {rF+}
 34470 | Orc:1    | Bought a +0 rapier for 56 gold pieces
 35127 | D:10     | Found a hazy altar of Hepliaklqana.
 35463 | D:11     | Reached skill level 1 in Shields
 35632 | D:11     | Offered knowledge of Fireball by Vehumet.
 35848 | D:11     | Noticed Maurice
 35854 | D:11     | Killed Maurice
 36327 | D:11     | Noticed Erolcha
 36346 | D:11     | Killed Erolcha
 36359 | D:11     | Noticed Grum
 36369 | D:11     | Killed Grum
 37140 | D:12     | Found a white marble altar of Elyvilon.
 38293 | D:13     | Found a blossoming altar of Fedhas.
 38299 | D:13     | Found an iron altar of Okawaru.
 38299 | D:13     | Found a white marble altar of Elyvilon.
 38301 | D:13     | Found a shimmering altar of Xom.
 38301 | D:13     | Found a sparkling altar of Nemelex Xobeh.
 38301 | D:13     | Found a radiant altar of Vehumet.
 38732 | D:14     | Reached skill level 14 in Ice Magic
 39013 | D:14     | Offered knowledge of Freezing Cloud by Vehumet.
 39018 | D:14     | Found a gate leading to a gauntlet.
 39027 | D:14     | Reached XP level 15. HP: 118/118 MP: 12/31
 39101 | D:14     | Found a gate to the Vaults.
 39157 | Gauntlet | Entered a Gauntlet
 39157 | Gauntlet | Found a transporter.
 39157 | Gauntlet | Found a transporter.
 39157 | Gauntlet | Found a transporter.
 39169 | Gauntlet | Found a transporter.
 39169 | Gauntlet | Found a transporter.
 39180 | Gauntlet | Found a transporter.
 39215 | Gauntlet | Found a transporter.
 39220 | Gauntlet | Found a transporter.
 39226 | Gauntlet | Found a transporter.
 39243 | Gauntlet | Found a transporter.
 39251 | Gauntlet | Found a transporter.
 39268 | Gauntlet | Found a transporter.
 39382 | Gauntlet | Got the Exposition on Rime
 39438 | Gauntlet | Found the +7 captain's cutlass {speed, disarm}
 39543 | Gauntlet | Reached skill level 5 in Dodging
 39543 | Gauntlet | Reached XP level 16. HP: 126/126 MP: 32/32
 39550 | Gauntlet | Identified the +1 robe of Minor Irritation {Harm Rampage
                  | Str+9 Int-5}
 39606 | D:14     | Noticed Cofimnas's ghost (journeyman FoFi)
 39608 | D:14     | Found a transporter.
 39806 | D:14     | Found a transporter.
 39894 | D:14     | Found an ornate altar of the Wu Jian Council.
 39946 | D:14     | Noticed a tengu reaver
 39947 | D:14     | Found a runed translucent door.
 39949 | D:14     | Noticed a tengu reaver
 39949 | D:14     | Noticed a sphinx
 40264 | Snake:1  | Entered Level 1 of the Snake Pit
 40340 | Snake:1  | Found Sizatas's Antique Armour Boutique.
 40341 | Snake:1  | Reached skill level 5 in Shields
 40341 | Snake:1  | Reached skill level 15 in Ice Magic
 40357 | Snake:1  | Bought a runed orb for 288 gold pieces
 40402 | Snake:1  | Found a frozen archway.
 40568 | IceCv    | Entered an ice cave
 41403 | Snake:1  | Learned a level 4 spell: Summon Ice Beast
 41427 | Snake:1  | Identified the +7 long sword "Kuprua" {venom, rPois}
 41778 | Snake:1  | Offered knowledge of Lightning Bolt by Vehumet.
 41918 | Snake:1  | Found a shimmering altar of Xom.
 42672 | Snake:2  | HP: 6/126 [naga sharpshooter/arrow (4)]
 43131 | Snake:2  | Found an ancient bone altar of Kikubaaqudgha.
 44046 | Snake:2  | Found a runed translucent gate.
 44047 | Snake:2  | Found a runed translucent gate.
 44056 | Snake:2  | Found a runed translucent gate.
 44060 | Snake:2  | Noticed Dittersdorf's ghost (adept MiBe)
 44060 | Snake:2  | Noticed Romunoh's ghost (adept SpBr)
 44103 | Snake:2  | Reached XP level 17. HP: 115/132 MP: 25/33
 44847 | Snake:3  | Reached skill level 16 in Ice Magic
 44871 | Snake:3  | Found a shimmering altar of Xom.
 45483 | Snake:4  | Entered Level 4 of the Snake Pit
 45553 | Snake:4  | Noticed Asterion
 45577 | Snake:4  | Killed Asterion
 45590 | Snake:4  | Offered knowledge of Iskenderun's Battlesphere by Vehumet.
 45676 | Snake:4  | Got a serpentine rune of Zot
 46040 | Snake:4  | Noticed TuffENuff's ghost (adept FoFi)
 46050 | Snake:4  | Found a runed translucent gate.
 46066 | Snake:4  | Found a runed translucent gate.
 46067 | Snake:4  | Found a runed translucent gate.
 46284 | Snake:4  | Reached skill level 17 in Ice Magic
 47281 | Snake:4  | Reached ****** piety under Vehumet
 48964 | Shoals:1 | Entered Level 1 of the Shoals
 49212 | Shoals:1 | Offered knowledge of Conjure Ball Lightning by Vehumet.
 49344 | Shoals:1 | Reached XP level 18. HP: 116/145 MP: 34/34
 49470 | Shoals:2 | Reached skill level 18 in Ice Magic
 49512 | Shoals:2 | Noticed Frances
 49756 | Shoals:2 | Killed Frances
 49851 | Shoals:2 | You fall into a shaft and drop 1 floor!
 50362 | Shoals:3 | Acquired 727 gold pieces
 50366 | Shoals:3 | Acquired a book of Ice
 50370 | Shoals:3 | Acquired the ring "Sougi" {Fly Will+ rCorr MP+9}
 50468 | Shoals:3 | Learned a level 9 spell: Polar Vortex
 50932 | Shoals:4 | Entered Level 4 of the Shoals
 50983 | Shoals:4 | Noticed Ilsuiw
 52344 | Shoals:4 | Offered knowledge of Fire Storm by Vehumet.
 52344 | Shoals:4 | Offered knowledge of Shatter by Vehumet.
 52344 | Shoals:4 | Offered knowledge of Chain Lightning by Vehumet.
 52355 | Shoals:4 | Got the Tractate on the Charming Voyage
 52407 | Shoals:4 | Reached skill level 19 in Ice Magic
 52410 | Shoals:4 | Reached skill level 10 in Dodging
 52452 | Shoals:4 | HP: 7/145 [merfolk impaler/+0 vorpal trident (4)]
 52453 | Shoals:4 | HP: 2/145 [merfolk impaler/+0 vorpal trident (2)]
 53133 | Shoals:4 | Got a barnacled rune of Zot
 53506 | D:15     | Entered Level 15 of the Dungeon
 53714 | D:15     | Reached XP level 19. HP: 151/151 MP: 14/37
 53752 | D:15     | Found a hide-covered altar of Uskayaw.
 53783 | D:15     | Found a staircase to the Depths.
 54943 | D:5      | Killed CertainDeath's ghost
 55189 | Vaults:1 | Entered Level 1 of the Vaults
 55540 | Vaults:1 | Reached skill level 20 in Ice Magic
 55621 | Vaults:1 | Identified the -2 pair of gloves "Geilerph" {Rampage
                  | *Corrode Dex+2}
 56451 | Vaults:1 | Found Boall's Distillery.
 56455 | Vaults:1 | Bought a potion of curing for 39 gold pieces
 56455 | Vaults:1 | Bought a potion of curing for 39 gold pieces
 56455 | Vaults:1 | Bought a potion of haste for 130 gold pieces
 56455 | Vaults:1 | Bought a potion of curing for 39 gold pieces
 56455 | Vaults:1 | Bought a potion of invisibility for 104 gold pieces
 56639 | Vaults:2 | Found a flickering gateway to a bazaar.
 56643 | Vaults:2 | Noticed Nikola
 56651 | Vaults:2 | Killed Nikola
 56658 | Bazaar   | Entered a bazaar
 56696 | Bazaar   | Found Veos's Antique Weapon Shoppe.
 56707 | Bazaar   | Found Gaisuhet's Antique Weapon Emporium.
 56724 | Bazaar   | Found Koatuept's Antique Armour Shoppe.
 56735 | Bazaar   | Found Jamiz's Antique Armour Emporium.
 56758 | Bazaar   | Bought a faintly humming tower shield for 323 gold pieces
 56758 | Bazaar   | Identified the +4 tower shield of Vehumet's Vengeance {rC+
                  | Int+4} (You bought it in a shop in a bazaar)
 56824 | Bazaar   | Bought a glowing kite shield for 255 gold pieces
 57187 | Vaults:2 | Reached skill level 15 in Spellcasting
 57312 | Vaults:2 | Noticed Zenata
 57321 | Vaults:2 | HP: 2/144 [+1 dire flail of draining[Zenata] (11)]
 57321 | Vaults:2 | Mangled by a +2 vorpal war axe

Illustrated notes

Levels and vault maps discovered:
D:1:      dpeg_arrival_solitude, layout_loops_ring, serial_shops, shop_statue,
          nicolae_diamond_shop
D:2:      layout_basic
D:3:      layout_basic, mainiacjoe_overflow_tiny_flanked, serial_shops, shop,
          shapermc_ecumenical_altar_flowoftime, guppyfry_early_orc_mine
D:4:      layout_loops_cross, nicolae_ossuary_entry_ruins,
          cheibrodos_sewer_entry_bend, lemuel_flame_loot_1, uniq_eustachio
D:5:      layout_loops_corners, serial_shops, nicolae_square_shop,
          gammafunk_ghost_hive, uniq_ijyb, uniq_grinder, uniq_crazy_yiuf_cottage
D:6:      layout_loops_ring, vehumet_statue, serial_shops, shop,
          serial_aquarium, aquarium_bridge_square [aquarium_subvault_wall,
          aquarium_subvault_balcony, aquarium_subvault_window,
          aquarium_subvault_bridge], aquarium_window_fake, aquarium_window_1,
          aquarium_view_2c, aquarium_balcony_3b, kb_lookout_dungeons_type
D:7:      corexii_shantytown, layout_basic, led_sif_book, temple_statues,
          st_stairs_3, kennysheep_doodads
D:8:      layout_loops_ring, nicolae_overflow_crystal_walls,
          grunt_temple_overflow_octagram, lair_entry_dummy, serial_shops, shop
D:9:      layout_cave_pools, orc_0_dummy, hex_tiny
D:10:     layout_rooms, mainiacjoe_overflow_alcove_4
D:11:     layout_irregular_city, uniq_grum, uniq_erolcha, uniq_maurice
D:12:     layout_roguey, nicolae_elyvilon_peaceful_grove
D:13:     layout_basic, serial_curves, eino_curves_03, eino_curves_01,
          doesnt_xom_only_xom
D:14:     minmay_gate_of_8, layout_cave_pools, david_vaults_4,
          gammafunk_ghost_arena, pdpol_wu_jian_five_deadly_venoms,
          gauntlet_entry_generic, minmay_liquid_box
D:15:     gammafunk_depths_entry_grave, layout_gridville,
          nicolae_uskayaw_suspiria, minmay_circle_x
Lair:1:   layout_misc_corridors, chequers_serial_rivers_micro_c
Lair:2:   layout_regular_city, elwin_shoals_entry_rocks, basic_altar,
          grunt_forest_large_clearings
Lair:3:   layout_chaotic_city, guppyfry_snake_entry_garden, basic_altar,
          nicolae_volcano_entry_two_sided, serial_bayou_lake_a, uniq_gastronok,
          uniq_fannar
Lair:4:   layout_cave_pods, slime_entry_1
Lair:5:   hangedman_lair_caniforms_friends, layout_gridlike, st_stairs_6,
          guppyfry_lair_drakes
Shoals:1: layout_shoals, nicolae_shoals_seven_spires, nicolae_shoals_drake_roost
Shoals:2: layout_shoals, uniq_frances
Shoals:3: layout_shoals, nicolae_shoals_aquamancer_cove
Shoals:4: shoals_end_simple, layout_shoals, shoals_ilsuiw_alternative,
          nicolae_shoals_nautilus_by_nature, hangedman_shoals_cup_caves
Snake:1:  layout_layer_cave, serial_shops, nicolae_diamond_shop, basic_altar,
          portal_ice_cave_entry_ice_simulacra, nicolae_snake_springs,
          grunt_megastairs_5
Snake:2:  layout_gridlike, basic_altar, gammafunk_ghost_cemetery
Snake:3:  layout_misc_corridors, basic_altar
Snake:4:  minmay_snake_end_coiled, layout_cave_town, gammafunk_ghost_split,
          uniq_asterion
Orc:1:    layout_caves, serial_shops, nicolae_shop_bloodbath_and_beyond,
          uniq_snorg
Orc:2:    kennysheep_orc_mage_school, layout_caves, basic_altar,
          statue_in_the_mist_lemuel
Vaults:1: nicolae_vaults_inception_statues, v_misc_22,
          nicolae_vaults_network_quinsquares
          [nicolae_vaults_network_quincunx_subvault,
          nicolae_vaults_network_quincunx_subvault,
          nicolae_vaults_network_quincunx_subvault,
          nicolae_vaults_network_quincunx_subvault], v_misc_2, v_misc_29,
          grunt_vaults_bifocal, v_pattern_3, v_alt_pattern_5,
          ontoclasm_vaults_decontamination, vaults_mumra_minichess,
          ontoclasm_vaults_gallery, layout_vaults_omnibox, serial_shops, shop
Vaults:2: vaults_standard_mumra_x, nicolae_vaults_triangles,
          ontoclasm_vaults_bender, vaults_room_ringed_pool, vaults_room_pool,
          layout_vaults_omnigrid, serial_shops, bzr_entry_lakeside, uniq_zenata,
          uniq_nikola

Skill      XL: |  1  2  3  4  5  6  7  8  9 10 11 12 13 14 15 16 17 18 19 |
---------------+----------------------------------------------------------+-----
Conjurations   | 5 6 7 9 10 12 14 15 16 17 18 | 18.0
Spellcasting   | 3 4 5 7 8 9 12 14 15 | 15.0
Short Blades   | 1 3 4 6 7 |  7.0
Dodging        | 2 4 5 6 7 10 11 | 11.2
Fighting       | 1 3 5 7 9 |  9.2
Ice Magic      | 4 7 10 12 14 15 17 19 20 | 20.3
Necromancy     | 3 6 7 9 |  9.0
Staves         | 2 3 |  3.6
Shields        | 3 4 6 |  6.1
Stealth        | |  1.8

Action                   |  1- 3 |  4- 6 |  7- 9 | 10-12 | 13-15 | 16-18 | 19-21 || total
-------------------------+-------+-------+-------+-------+-------+-------+-------++-------
Melee: Short sword       |     3 |    28 |    30 |    83 |     2 |       |       ||   146
       Tailslap          |       |     3 |     4 |    15 |    12 |     8 |     2 ||    44
       Punch             |       |       |       |     1 |     2 |       |       ||     3
       Staff             |       |       |       |       |    92 |    33 |     7 ||   132
       Rapier            |       |       |       |       |     6 |       |       ||     6
 Cast: Magic Dart        |    49 |   109 |   135 |    47 |    10 |     2 |       ||   352
       Searing Ray       |    12 |    24 |    83 |    70 |    11 |     3 |       ||   203
       Dazzling Flash    |       |     1 |     5 |     7 |       |       |       ||    13
       Iskenderun's Myst |       |       |    20 |    95 |    27 |    43 |     4 ||   189
       Ozocubu's Armour  |       |       |     4 |    11 |       |       |       ||    15
       Metabolic Englaci |       |       |       |     3 |       |       |       ||     3
       Orb of Destructio |       |       |       |    66 |   148 |   167 |    52 ||   433
       Ozocubu's Refrige |       |       |       |     6 |    80 |   150 |    23 ||   259
       Simulacrum        |       |       |       |       |    30 |   220 |    41 ||   291
       Summon Ice Beast  |       |       |       |       |       |     2 |       ||     2
       Polar Vortex      |       |       |       |       |       |       |     4 ||     4
 Abil: Breathe Dispellin |       |       |     6 |     8 |       |     4 |     1 ||    19
Evoke: Wand              |       |       |     2 |     6 |     5 |     5 |       ||    18
       Tin of tremorston |       |       |       |       |       |     2 |       ||     2
       Lightning rod     |       |       |       |       |       |     1 |       ||     1
       Phial of floods   |       |       |       |       |       |     1 |       ||     1
       Condenser vane    |       |       |       |       |       |       |     1 ||     1
  Use: Scroll            |     1 |     6 |    11 |    16 |    15 |    15 |     6 ||    70
       Potion            |       |     1 |     2 |    15 |     1 |    25 |       ||    44
 Stab: Sleeping          |       |     1 |       |       |       |       |       ||     1
       Invisible         |       |       |       |     4 |       |       |       ||     4
       Distracted        |       |       |       |       |       |     1 |       ||     1
Armor: Skin              |     2 |    22 |    29 |   110 |    86 |    84 |    26 ||   359
Dodge: Dodged            |     6 |    37 |    57 |   169 |   122 |   204 |    47 ||   642
Block: Kite shield       |       |       |       |       |    18 |     9 |       ||    27
